 Dungeon Crawl Stone Soup version 0.28.0-47-ge53b351184 (webtiles) character file.

Game seed: 4374415842116039255

216 enile the Prestidigitator (level 5, -1/38 HPs)
             Began as a Gnoll Wanderer on May 1, 2022.
             Was a Plaything of Xom.
             Killed by divine providence
             ... invoked by an orc priest
              (16 damage)
             ... on level 5 of the Dungeon.
             The game lasted 00:05:39 (5843 turns).

enile the Prestidigitator (Gnoll Wanderer)          Turns: 5843, Time: 00:05:40

Health: -1/38      AC:  3    Str: 15    XL:     5   Next: 93%
Magic:  12/12      EV: 11    Int: 11    God:    Xom [*.....]
Gold:   237        SH:  0    Dex: 10    Spells: 10/14 levels left

rFire   . . .      SeeInvis .   r - +2 dagger (venom)
rCold   . . .      Faith    .   (no shield)
rNeg    . . .      Spirit   .   d - +0 leather armour
rPois   .          Reflect  .   (no helmet)
rElec   .          Harm     .   (no cloak)
rCorr   .          Rampage  .   (no gloves)
Will    .....                   (no boots)
Stlth   +.........              (no amulet)
HPRegen 0.12/turn               (no ring)
MPRegen 0.13/turn               (no ring)

@: no status effects
A: fangs 1, strong nose, distributed training
a: Renounce Religion


You were on level 5 of the Dungeon.
You worshipped Xom.
You were a special plaything of Xom.
You visited 1 branch of the dungeon, and saw 5 of its levels.

You collected 237 gold pieces.

Inventory:

Hand Weapons
 a - a +0 dagger
 l - a +2 dagger of protection
 r - a +2 dagger of venom (weapon)
Missiles
 b - 6 poisoned darts (quivered)
 h - 2 boomerangs
Armour
 d - a +0 leather armour (worn)
Jewellery
 q - a ring of resist corrosion
 u - an amulet of the acrobat
Wands
 c - a wand of flame (12)
Scrolls
 e - a scroll of silence
 g - a scroll of immolation
 j - a scroll of amnesia {unknown}
 k - a scroll of teleportation {unknown}
 m - 2 scrolls of fear {unknown}
 o - 2 scrolls of holy word {unknown}
 w - a scroll of enchant weapon {unknown}
 y - a scroll of blinking {unknown}
 z - a scroll of identify
Potions
 i - 3 potions of curing {unknown}
 n - a potion of degeneration {unknown}
 p - a potion of lignification {unknown}
 s - a potion of resistance {unknown}
 t - a potion of brilliance {unknown}
 v - 4 potions of heal wounds {unknown}
 x - 2 potions of invisibility {unknown}


   Skills:
 + Level 1.7 Fighting
 + Level 1.7 Short Blades
 + Level 1.7 Long Blades
 + Level 1.7 Axes
 + Level 1.7 Maces & Flails
 + Level 1.7 Polearms
 + Level 1.7 Staves
 + Level 1.7 Slings
 + Level 1.7 Bows
 + Level 1.7 Crossbows
 + Level 4.9 Throwing
 + Level 1.7 Armour
 + Level 1.7 Dodging
 + Level 1.7 Stealth
 + Level 1.7 Shields
 + Level 1.7 Unarmed Combat
 + Level 5.2 Spellcasting
 + Level 1.3 Conjurations
 + Level 1.3 Hexes
 + Level 4.0 Summonings
 + Level 1.3 Necromancy
 + Level 1.3 Translocations
 + Level 1.3 Transmutations
 + Level 1.3 Fire Magic
 + Level 1.3 Ice Magic
 + Level 1.3 Air Magic
 + Level 1.3 Earth Magic
 + Level 1.3 Poison Magic
 + Level 1.9 Invocations
 + Level 8.7 Evocations


You had 10 spell levels left.
You knew the following spells:

 Your Spells              Type           Power      Damage    Failure   Level
a - Summon Small Mammal   Summ           44%        N/A       4%          1
b - Call Canine Familiar  Summ           11%        N/A       14%         3

Your spell library contained the following spells:

 Spells                   Type           Power      Damage    Failure   Level
 Corpse Rot               Necr/Air       10%        N/A       22%         2
 Sublimation of Blood     Necr           5%         N/A       22%         2
 Wereblood                Tmut           5%         N/A       22%         2
 Dispel Undead            Necr           5%         3d7       82%         4
 Death Channel            Necr           2%         N/A       100%        6
 Summon Hydra             Summ           5%         N/A       100%        7


Dungeon Overview and Level Annotations

Branches:
Dungeon (5/15)
 Temple: D:4-7

Altars:
Elyvilon
Okawaru
Xom


Innate Abilities, Weirdness & Mutations

You have very sharp teeth.
Your uncanny sense of smell can sniff out nearby items.
Your experience applies equally to all skills.


Message History

The poisoned dart closely misses the orc priest.
You throw a poisoned dart.
The poisoned dart closely misses the orc priest.
An orc comes into view. It is wielding a +0 club.
The orc priest closely misses you.
You hit the orc priest but do no damage.
The orc priest looks as sick as possible!
The orc priest is almost dead.
You kill the orc priest!
The orc priest closely misses you.
You feel your dexterity returning.
You closely miss the orc priest. The orc priest barely misses you.
You hit the orc priest.
The orc priest is poisoned.
The orc priest is lightly wounded.
The orc wizard hits you but does no damage.
The orc priest hits you with a +0 club.
You hit the orc priest but do no damage.
The orc priest looks even sicker.
The orc priest is lightly wounded.
The orc wizard closely misses you. The orc hits you with a +0 club.
The orc priest invokes the aid of Beogh against you.
Beogh smites you!
Okay, then.
As you read the scroll of summoning, it crumbles to dust.
Wisps of shadow whirl around you...
Something barely misses your hound skeleton.
The orc wizard casts a spell at you. The puff of flame misses you.
The orc barely misses you. The orc priest hits you with a +0 club.
The orc hits your hound skeleton with a +0 club.
Your hound skeleton bites the orc priest.
Your adder bites the orc.
The orc wizard hits you with a +0 dagger.
The orc wizard hits your hound skeleton with a +0 dagger.
Your hound skeleton misses the orc priest.
Your hound skeleton bites the orc.
The orc dies!
The orc priest invokes the aid of Beogh against you.
Beogh smites you!
You die...

#.# #.# .. ########.#
.. #......<.# .#
#........## #.##
#.........# ###...
#.....)...###...#
#.......#.......#####
#####.####...@.......
#..##..)#.#######
##....#.#o#
##.......)#
##..###..Z## ∆
#..#####.o.## ####.##
#...oS.#
#.....###.##.#)#
#.........##.#(#


You could see an orc priest (very poisoned, ally target), an orc wizard, an orc
and a friendly hound skeleton (summoned).

Vanquished Creatures
  A scorpion (D:2)
  An orc priest (D:5)
  An iguana (D:4)
  3 gnolls (D:4)
  2 adder skeletons
  3 orcs
  11 ball pythons
  4 bats
  5 endoplasms
  4 giant cockroaches
  3 goblins
  3 hobgoblins
  5 quokkas
  3 frilled lizards (D:1)
  7 kobolds
  4 rats
60 creatures vanquished.

Vanquished Creatures (collateral kills)
  An orc (D:5)
  2 goblins (D:3)
  A ball python (D:3)
4 creatures vanquished.

Grand Total: 64 creatures vanquished

Notes
Turn   | Place    | Note
-------+----------+-------------------------------------------
     0 | D:1      | enile the Gnoll Wanderer began the quest for the Orb.
     0 | D:1      | enile set off with the following items: a +0 dagger, 11
                  | poisoned darts, a wand of flame (15), a +0 leather armour;
                  | and the following spell memorised: Summon Small Mammal; and
                  | the following spells available to memorise: Call Canine
                  | Familiar
     0 | D:1      | Reached XP level 1. HP: 13/13 MP: 6/6
   162 | D:1      | Reached XP level 2. HP: 19/19 MP: 7/7
   381 | D:1      | Found a faded altar of an unknown god.
  1550 | D:1      | HP: 1/20 [hobgoblin (1)]
  1555 | D:1      | Reached XP level 3. HP: 2/25 MP: 9/9
  2220 | D:1      | Prayed at the altar of an unknown god.
  2220 | D:1      | Became a worshipper of Xom of Chaos
  2265 | D:2      | Reached skill level 5 in Spellcasting
  2278 | D:2      | XOM: silly message
  2329 | D:2      | Learned a level 3 spell: Call Canine Familiar
  2582 | D:2      | Noticed a scorpion
  2587 | D:2      | XOM: divination: detect items
  2601 | D:2      | Killed a scorpion
  2602 | D:2      | Reached skill level 1 in Fighting
  2602 | D:2      | Reached skill level 1 in Short Blades
  2602 | D:2      | Reached skill level 1 in Long Blades
  2602 | D:2      | Reached skill level 1 in Axes
  2602 | D:2      | Reached skill level 1 in Maces & Flails
  2602 | D:2      | Reached skill level 1 in Polearms
  2602 | D:2      | Reached skill level 1 in Staves
  2602 | D:2      | Reached skill level 1 in Slings
  2602 | D:2      | Reached skill level 1 in Bows
  2602 | D:2      | Reached skill level 1 in Crossbows
  2602 | D:2      | Reached skill level 1 in Armour
  2602 | D:2      | Reached skill level 1 in Dodging
  2602 | D:2      | Reached skill level 1 in Stealth
  2602 | D:2      | Reached skill level 1 in Shields
  2602 | D:2      | Reached skill level 1 in Unarmed Combat
  2602 | D:2      | Reached skill level 1 in Invocations
  2602 | D:2      | Reached XP level 4. HP: 10/32 MP: 8/11
  2867 | D:2      | XOM: 1-stop teleportation journey
  2905 | D:2      | Reached skill level 1 in Conjurations
  2905 | D:2      | Reached skill level 1 in Hexes
  2905 | D:2      | Reached skill level 1 in Necromancy
  2905 | D:2      | Reached skill level 1 in Translocations
  2905 | D:2      | Reached skill level 1 in Transmutations
  2905 | D:2      | Reached skill level 1 in Fire Magic
  2905 | D:2      | Reached skill level 1 in Ice Magic
  2905 | D:2      | Reached skill level 1 in Air Magic
  2905 | D:2      | Reached skill level 1 in Earth Magic
  2905 | D:2      | Reached skill level 1 in Poison Magic
  3347 | D:2      | XOM: cloud trail
  3582 | D:3      | Noticed a nameless horror
  3605 | D:2      | XOM: noise
  4143 | D:3      | XOM: silly message
  4315 | D:3      | XOM: stat loss: -1 Dex (9/10)
  4641 | D:3      | XOM: stat loss: -1 Str (14/15)
  4805 | D:4      | Found a white marble altar of Elyvilon.
  4951 | D:4      | XOM: blink monster(s)
  4954 | D:4      | Reached XP level 5. HP: 29/37 MP: 12/12
  5011 | D:4      | XOM: enchant monster (good)
  5266 | D:4      | Found an iron altar of Okawaru.
  5266 | D:4      | Found a shimmering altar of Xom.
  5327 | D:4      | XOM: 1-stop teleportation journey
  5731 | D:5      | Entered Level 5 of the Dungeon
  5751 | D:5      | XOM: stat loss: -1 Dex (9/10)
  5843 | D:5      | Killed from afar by an orc priest

Illustrated notes

Levels and vault maps discovered:
D:1:      minmay_arrival_split_and_join, layout_loops_ring, serial_rivers,
          chequers_serial_rivers_marsh, chequers_serial_rivers_room_a,
          chequers_serial_rivers_small_3, chequers_serial_rivers_micro_d,
          chequers_serial_rivers_small_3, hellmonk_ecumenical_altar_blasted
D:2:      layout_loops_cross, dk_noncrumbling_4, kennysheep_nondescript,
          minmay_misc_feat_tower, minmay_domino_2
D:3:      layout_basic
D:4:      layout_loops_ring, nicolae_overflow_squiral,
          nicolae_overflow_crystal_walls
D:5:      layout_rooms, nemelex_altar_shiori

Skill      XL: |  1  2  3  4  5 |
---------------+----------------+-----
Spellcasting   | 5 |  5.2
Fighting       | 1 |  1.7
Short Blades   | 1 |  1.7
Long Blades    | 1 |  1.7
Axes           | 1 |  1.7
Maces & Flails | 1 |  1.7
Polearms       | 1 |  1.7
Staves         | 1 |  1.7
Slings         | 1 |  1.7
Bows           | 1 |  1.7
Crossbows      | 1 |  1.7
Armour         | 1 |  1.7
Dodging        | 1 |  1.7
Stealth        | 1 |  1.7
Shields        | 1 |  1.7
Unarmed Combat | 1 |  1.7
Invocations    | 1 |  1.9
Conjurations   | 1 |  1.3
Hexes          | 1 |  1.3
Necromancy     | 1 |  1.3
Translocations | 1 |  1.3
Transmutations | 1 |  1.3
Fire Magic     | 1 |  1.3
Ice Magic      | 1 |  1.3
Air Magic      | 1 |  1.3
Earth Magic    | 1 |  1.3
Poison Magic   | 1 |  1.3
Summonings     | 4 |  4.0
Throwing       | |  4.9
Evocations     | |  8.7

Action                   |  1- 3 |  4- 6 || total
-------------------------+-------+-------++-------
Melee: Dagger            |   133 |   127 ||   260
       Bite              |    11 |    13 ||    24
       Punch             |       |     1 ||     1
Throw: Dart              |    16 |    19 ||    35
 Cast: Summon Small Mamm |     2 |    10 ||    12
       Call Canine Famil |     1 |       ||     1
Evoke: Wand              |     3 |       ||     3
  Use: Potion            |     2 |       ||     2
       Scroll            |     1 |     2 ||     3
 Stab: Sleeping          |     1 |     2 ||     3
Armor: Leather armour    |    44 |    37 ||    81
Dodge: Dodged            |    94 |    69 ||   163
